 Dungeon Crawl Stone Soup version 0.27-a0-695-gb4952372f7 (webtiles) character file.

Game seed: 10771752294105531005

4365 Gaff the Slinger (level 10, -16/67 (68) HPs)
             Began as a Halfling Hunter on Mar 22, 2021.
             Was a Priest of Qazlal.
             Demolished by a manticore (18 damage)
             ... on level 9 of the Dungeon.
             The game lasted 00:47:04 (12886 turns).

Gaff the Slinger (Halfling Hunter)                 Turns: 12886, Time: 00:47:05

HP:   -16/67 (68)   AC:  9    Str: 11 (14) XL:     10   Next: 60%
MP:   15/15         EV: 15    Int:  6 (9)  God:    Qazlal [***...]
Gold: 329           SH: 13    Dex: 13 (16) Spells: 9/9 levels left

rFire    . . .     SeeInvis +   b - +2 rapier (speed)
rCold    + . .     Faith    +   q - +3 buckler {AC+3}
rNeg     . . .     Spirit   .   K - +2 leather armour {rC+}
rPois    .         Reflect  .   (no helmet)
rElec    .         Harm     .   (no cloak)
rCorr    .         Rampage  .   S - +0 pair of gloves
Will     +....                  (no boots)
Stlth    +.........             B - amulet of faith
HPRegen  0.21/turn              k - ring of see invisible
MPRegen  0.14/turn              g - ring of willpower

@: spiked, flying, lightly drained
A: small, no large weapons, mutation resistance 1, weak 1
a: Renounce Religion, Upheaval, Elemental Force


You were on level 9 of the Dungeon.
You worshipped Qazlal.
Qazlal was most pleased with you.
You visited 1 branch of the dungeon, and saw 9 of its levels.
You also visited: Ossuary.

You collected 461 gold pieces.
You spent 132 gold pieces at shops.

Inventory:

Hand Weapons
 a - a +1 hunting sling
 b - a +2 rapier of speed (weapon)
 j - a +0 short sword
 H - a +1 dagger of venom
 J - a +0 long sword
 W - the +4 rapier "Ecvis" {flame, rPois rF+}
   (You found it on level 8 of the Dungeon)

   It has been specially enchanted to burn those struck by it, causing extra
   injury to most foes and up to half again as much damage against particularly
   susceptible opponents.
   It protects you from fire.
   It protects you from poison.
 X - the +5 great sword "Conservator" {drain, +Rage}
   (You found it on level 9 of the Dungeon)

   A truly terrible weapon, it drains the life of those it strikes.
   It lets you go berserk.
Missiles
 d - 107 sling bullets
 e - 303 stones (quivered)
 i - 18 poisoned darts
 I - 18 boomerangs
 P - a curare-tipped dart
Armour
 c - a +0 leather armour
 o - a +0 kite shield
 q - a +3 buckler of protection (worn)
 E - a +0 scale mail of willpower
 K - a +2 leather armour of cold resistance (worn)
 L - +0 swamp dragon scales
 S - a +0 pair of gloves (worn)
 T - the +2 leather armour of Stoicism {rElec rN+ Int+4}
   (You found it on level 7 of the Dungeon)

   It affects your intelligence (+4).
   It insulates you from electricity.
   It protects you from negative energy.
 U - +0 gold dragon scales
Jewellery
 g - a ring of willpower (left hand)
 k - a ring of see invisible (right hand)
 y - a ring of see invisible
 A - a ring of positive energy
 B - an amulet of faith (around neck)
Wands
 D - a wand of random effects (44)
 M - a wand of acid (9)
 R - a wand of iceblast (14)
Scrolls
 f - a scroll of fear {unknown}
 m - a scroll of random uselessness
 r - 2 scrolls of immolation
 t - 2 scrolls of amnesia
 u - a scroll of magic mapping {unknown}
 v - a scroll of enchant weapon {unknown}
 w - a scroll of fog {unknown}
 F - 3 scrolls of blinking
 G - a scroll of silence
 N - 2 scrolls of holy word
 V - a scroll of noise {unknown}
Potions
 h - a potion of mutation
 l - 5 potions of curing
 p - 2 potions of haste
 s - 2 potions of attraction
 x - 2 potions of degeneration
 z - 3 potions of brilliance
 C - 2 potions of magic
 O - 2 potions of resistance
 Q - a potion of berserk rage


   Skills:
 + Level 5.7 Fighting
 + Level 5.1 Short Blades
 - Level 12.0 Slings
 - Level 3.0 Armour
 + Level 4.8 Dodging
 - Level 2.0 Stealth
 - Level 5.6 Shields
 + Level 7.6 Invocations


You had 9 spell levels left.
You didn't know any spells.
Your spell library contained the following spells:

 Spells                   Type           Power      Damage    Failure   Level
 Animate Skeleton         Necr           0%         N/A       54%         1
 Apportation              Tloc           0%         N/A       54%         1
 Beastly Appendage        Tmut           0%         N/A       54%         1
 Corona                   Hex            0%         N/A       54%         1
 Sandblast                Erth           0%         2d4       54%         1
 Summon Small Mammal      Summ           0%         N/A       54%         1
 Passwall                 Tmut/Erth      0%         N/A       67%         2
 Wereblood                Tmut           0%         N/A       67%         2
 Spider Form              Tmut/Pois      0%         N/A       88%         3
 Stone Arrow              Conj/Erth      0%         3d7       88%         3
 Ice Form                 Ice/Tmut       0%         N/A       99%         4
 Petrify                  Tmut/Erth      0%         N/A       99%         4
 Blade Hands              Tmut           0%         N/A       100%        5
 Lee's Rapid Deconstruct  Erth           0%         3d5*      100%        5


Dungeon Overview and Level Annotations

Branches:
Dungeon (9/15)             Temple (0/1) D:6            Lair (0/6) D:8
Ossuary (visited)
    Orc: D:9-12

Altars:
Hepliaklqana
Kikubaaqudgha
Nemelex Xobeh
Qazlal
Sif Muna
Uskayaw
Yredelemnul
Zin
The Shining One

Shops:
D:4 *

Annotations:
D:2 1 runed translucent door, Crazy Yiuf, Sigmund
D:6 3 runed translucent doors, DarkShadow's ghost, novice OgBe
D:8 1 runed translucent door


Innate Abilities, Weirdness & Mutations

You are small and have problems with some larger weapons.
You are somewhat resistant to further mutation.
You are weak. (Str -2)


Message History

The manticore claws you but does no damage. x2
You hit the manticore.
The manticore is severely wounded.
You hit the manticore.
The manticore is severely wounded.
The manticore bites you!!
* * * LOW HITPOINT WARNING * * *
You block the manticore's attack. The manticore closely misses you.
The manticore barely misses you. The manticore closely misses you.
The manticore misses you.
The manticore flicks its tail.
The volley of spikes hits you!
The barbed spikes become lodged in your body.
* * * LOW HITPOINT WARNING * * *
Things that are here:
a +1 morningstar; a +0 robe The barbs in your skin will harm you if you move.
Continue?
Okay, then.
Okay, then.
As you read the scroll labelled QEWUFO VUAGE, it crumbles to dust.
The creatures around you are filled with an inner flame!
It was a scroll of immolation.
As you read the scroll labelled NESIFAKIAN, it crumbles to dust.
It is a scroll of amnesia.
You feel forgetful for a moment.
The manticore flicks its tail.
The volley of spikes hits you.
The barbed spikes become lodged in your body.
* * * LOW HITPOINT WARNING * * *
It was a potion of degeneration.
There was something very wrong with that liquid.
You feel weakened.
You feel dopey.
You feel clumsy.
The manticore flicks its tail.
You block the volley of spikes.
It was a potion of mutation.
You feel extremely strange.
You feel weaker.
It was a potion of flight.
You feel very buoyant.
You fly up into the air.
The manticore bites you!!
You die...

#.<#)##..# #.....#
#.###. #........#
#..<..# #. ##.
#........# #.....###.
#.. #.#...#.##
#......## #.#
#.#.....#
######)##.##.#
#.#...#.#####
#.##.....
#.##..#.)...#
#.#####.#
#.)..###.##.#####)###
#.# ###..#
#@.#.##......###.#
#.##
##H#.##.......##.#
..# #...##...#.......
..##
##..##..#.#.<###. #..
#........#..# . ..#
##.##.......# # ...
#.....####.# #[(#
##.........#
#....######


You could see a manticore (inner flame).

Vanquished Creatures
  An elephant (D:7)
  Joseph (D:7)
  Maggie (D:6)
  Eustachio (D:5)
  3 black bears
  A necrophage (D:8)
  3 ogres
  3 centaurs
  2 phantoms (D:7)
  A kobold brigand (D:7)
  6 bullfrogs
  A wyvern zombie (D:6)
  A water moccasin skeleton (D:6)
  8 scorpions
  4 killer bees (D:8)
  3 wights (D:9)
  3 centaur zombies (Ossuary)
  A howler monkey (D:4)
  2 bullfrog zombies
  3 human zombies (Ossuary)
  An orc priest (D:6)
  2 hounds
  A jelly (D:7)
  A bullfrog skeleton (D:5)
  An iguana (D:7)
  2 orc wizards
  8 worker ants
  A killer bee zombie (D:8)
  3 hound skeletons
  3 mummies (Ossuary)
  A worker ant zombie (D:7)
  4 scorpion zombies (Ossuary)
  3 gnolls (D:7)
  9 adders
  2 shadow imps
  3 white imps
  An ufetubus (D:8)
  2 adder skeletons
  4 worms
  2 dart slugs
  6 leopard geckos
  11 orcs
  5 bats
  6 giant cockroaches
  8 goblins
  6 hobgoblins
  3 jackals (D:3)
  9 kobolds
  6 quokkas
  5 frilled lizards
  2 gnoll zombies (Ossuary)
  4 goblin zombies (Ossuary)
  A hobgoblin zombie (Ossuary)
  A kobold zombie (Ossuary)
  A leopard gecko skeleton (D:4)
  An orc zombie (Ossuary)
  A quokka zombie (D:9)
  9 rats
188 creatures vanquished.

Vanquished Creatures (others)
  2 scorpions (Ossuary)
  A fungus (D:8)
  2 plants
5 creatures vanquished.

Grand Total: 193 creatures vanquished

Notes
Turn   | Place    | Note
-------+----------+-------------------------------------------
     0 | D:1      | Gaff the Halfling Hunter began the quest for the Orb.
     0 | D:1      | Reached XP level 1. HP: 14/14 MP: 1/1
    63 | D:1      | Reached skill level 6 in Slings
   189 | D:1      | Reached XP level 2. HP: 19/19 MP: 2/2
   709 | D:1      | Reached XP level 3. HP: 24/24 MP: 3/3
   745 | D:2      | Noticed Sigmund
  1628 | D:2      | Found a runed translucent door.
  1629 | D:2      | Noticed Crazy Yiuf
  1723 | D:2      | Found a shimmering blue altar of Sif Muna.
  2105 | D:2      | Reached skill level 7 in Slings
  2190 | D:2      | Found a basalt altar of Yredelemnul.
  2190 | D:2      | Found a stormy altar of Qazlal.
  2190 | D:2      | Found an ancient bone altar of Kikubaaqudgha.
  2206 | D:2      | Became a worshipper of Qazlal Stormbringer
  2498 | D:3      | Reached XP level 4. HP: 29/29 MP: 4/4
  2581 | D:3      | Found a glowing golden altar of the Shining One.
  2852 | D:3      | Found a basalt altar of Yredelemnul.
  3200 | D:3      | Reached * piety under Qazlal
  3410 | D:4      | Reached XP level 5. HP: 25/34 MP: 5/5
  3436 | D:4      | Identified a scroll of acquirement
  3436 | D:4      | Acquired a +2 buckler of protection
  3467 | D:4      | Found a sand-covered staircase.
  3475 | Ossuary  | Entered an ossuary
  3668 | Ossuary  | Reached skill level 8 in Slings
  3668 | Ossuary  | Reached skill level 1 in Invocations
  3781 | Ossuary  | Reached skill level 1 in Shields
  3781 | Ossuary  | Reached XP level 6. HP: 28/39 MP: 5/7
  4156 | Ossuary  | Reached skill level 9 in Slings
  4310 | Ossuary  | Reached XP level 7. HP: 45/45 MP: 8/8
  4843 | Ossuary  | Reached skill level 10 in Slings
  5337 | D:4      | Reached XP level 8. HP: 28/50 MP: 10/10
  5894 | D:4      | Found Eceufe's Assorted Antiques.
  5919 | D:4      | Bought a scroll of identify for 44 gold pieces
  5919 | D:4      | Bought a scroll of identify for 44 gold pieces
  5919 | D:4      | Bought a scroll of identify for 44 gold pieces
  6474 | D:5      | Entered Level 5 of the Dungeon
  6541 | D:5      | Reached ** piety under Qazlal
  6542 | D:5      | Noticed a +0 dagger
  6651 | D:5      | Noticed a +0 short sword
  6659 | D:5      | Noticed a +0 falchion
  6677 | D:5      | Reached skill level 11 in Slings
  6844 | D:5      | Found a hide-covered altar of Uskayaw.
  6844 | D:5      | Noticed a +0 spear
  6844 | D:5      | Noticed a +0 short sword
  6846 | D:5      | Noticed a +0 falchion
  6846 | D:5      | Noticed a +0 dagger
  6847 | D:5      | Noticed a +0 spear
  7190 | D:5      | Found a hazy altar of Hepliaklqana.
  7949 | D:6      | Found a staircase to the Ecumenical Temple.
  8102 | D:6      | Reached skill level 5 in Invocations
  8102 | D:6      | Reached XP level 9. HP: 26/54 MP: 12/12
  8270 | D:6      | Noticed Maggie
  8285 | D:6      | Killed Maggie
  8286 | D:6      | Reached skill level 12 in Slings
  8286 | D:6      | Reached skill level 5 in Shields
  8798 | D:6      | Noticed Eustachio
  9107 | D:6      | Found a sparkling altar of Nemelex Xobeh.
  9168 | D:5      | Killed Eustachio
  9389 | D:6      | Found a runed translucent gate.
  9389 | D:6      | Found a runed translucent gate.
  9389 | D:6      | Found a runed translucent gate.
  9389 | D:6      | Noticed DarkShadow's ghost (novice OgBe)
  9939 | D:7      | Reached skill level 1 in Short Blades
 10418 | D:7      | Found a glowing silver altar of Zin.
 10761 | D:7      | Reached skill level 1 in Armour
 10779 | D:7      | Reached *** piety under Qazlal
 10780 | D:7      | Reached XP level 10. HP: 54/65 MP: 15/15
 10838 | D:7      | Noticed Joseph
 10868 | D:7      | Killed Joseph
 10869 | D:7      | Reached skill level 5 in Fighting
 11179 | D:7      | Identified the +2 leather armour of Stoicism {rElec rN+
                  | Int+4}
 11246 | D:8      | Found a glowing silver altar of Zin.
 11246 | D:8      | Noticed an angel
 11247 | D:8      | Found a runed translucent door.
 11541 | D:8      | Noticed an elephant
 11645 | D:7      | Killed an elephant
 12034 | D:8      | Found a staircase to the Lair.
 12323 | D:8      | Identified the +4 rapier "Ecvis" {flame, rPois rF+}
 12644 | D:9      | Reached skill level 5 in Short Blades
 12658 | D:9      | Identified the +5 great sword "Conservator" {drain, +Rage}
 12833 | D:9      | Noticed a manticore
 12881 | D:9      | HP: 2/67 [manticore/volley of spikes (12)]
 12885 | D:9      | Gained mutation: You are weak. (Str -2) [potion of
                  | mutation]
 12886 | D:9      | Demolished by a manticore

Illustrated notes

Levels and vault maps discovered:
D:1:      tarquinn_simple_flora_water_d, layout_basic,
          minmay_misc_feat_four_crosses
D:2:      layout_basic, lemuel_blue_sif_altar,
          chequers_temple_overflow_statue_of_worship,
          nicolae_qazlal_general_emergency, uniq_sigmund,
          uniq_crazy_yiuf_cottage
D:3:      layout_loops_ring, tso_altar, yredelemnul_altar_generic
D:4:      layout_cave_pods, nicolae_ossuary_entry_plus, serial_shops,
          shop_coins, kennysheep_generic_room_5
D:5:      layout_rooms, nicolae_uskayaw_en_pointe, kennysheep_mini_moat
D:6:      layout_loops_ring, minmay_temple_entry_hall,
          ebering_ghost_rock_garden, basic_altar, uniq_maggie, uniq_eustachio
D:7:      layout_gridville, overflow_temple_1_default, uniq_joseph
D:8:      layout_basic, david_lair_generic, lemuel_angel_altar
D:9:      minmay_the_grid_four_pointed_star_mashed
          [minmay_the_grid_triangle_9x9_zippers_vertical,
          minmay_the_grid_triangle_9x9_shrine,
          minmay_the_grid_triangle_9x9_negative_grid,
          minmay_the_grid_triangle_9x9_tough_junction,
          minmay_the_grid_prize_trominoes], layout_loops_cross,
          cheibriados_altar_1, serial_shops, shop

Skill      XL: |  1  2  3  4  5  6  7  8  9 10 |
---------------+-------------------------------+-----
Slings         | 6 7 8 9 10 11 12 | 12.0
Stealth        | 2 |  2.0
Fighting       | 2 4 5 |  5.7
Dodging        | 3 4 |  4.8
Invocations    | 1 2 3 5 6 7 |  7.6
Shields        | 1 2 3 4 5 |  5.6
Short Blades   | 3 5 |  5.1
Armour         | 1 3 |  3.0

Action                   |  1- 3 |  4- 6 |  7- 9 | 10-12 || total
-------------------------+-------+-------+-------+-------++-------
Melee: Short sword       |    49 |       |       |       ||    49
       Long sword        |    70 |   133 |   305 |       ||   508
       Rapier            |       |       |   108 |   215 ||   323
 Fire: Hunting sling     |     4 |    34 |   180 |    29 ||   247
Throw: Stone             |       |       |       |     1 ||     1
  Use: Potion            |     1 |     1 |     2 |     3 ||     7
       Scroll            |       |     4 |     8 |     4 ||    16
 Stab: Sleeping          |     4 |       |       |       ||     4
Armor: Leather armour    |    37 |    23 |    75 |    18 ||   153
Dodge: Dodged            |   130 |    84 |   240 |    93 ||   547
Block: Buckler           |       |    36 |   253 |   118 ||   407
       Rpst.: Long sword |    22 |    25 |    56 |       ||   103

Table legend: (Time is in decaauts)
 A = Elapsed time spent in this place.
 B = Non-inter-level travel time spent in this place.
 C = Inter-level travel time spent in this place.
 D = Time resting spent in this place.
 E = Time spent auto-exploring this place.
 F = Levels seen in this place.
 G = Mean time per level.
                   A        B        C        D        E       F      G
               +--------+--------+--------+--------+--------+-----+--------+
         Total |  12886 |  12312 |    574 |   4407 |   2910 |  10 | 1288.6 |
       Dungeon |  11294 |  10720 |    574 |   3405 |   2910 |   9 | 1254.9 |
       Ossuary |   1591 |   1591 |      0 |   1002 |      0 |   1 | 1591.0 |
               +--------+--------+--------+--------+--------+-----+--------+

Top non-repeatable levels by time:
     D:6: 1757 daAuts
     D:5: 1628 daAuts
 Ossuary: 1591 daAuts
     D:7: 1502 daAuts
     D:4: 1393 daAuts
     D:3: 1357 daAuts
     D:1: 1347 daAuts
     D:8: 1174 daAuts
     D:2: 877 daAuts
     D:9: 255 daAuts
